 Dungeon Crawl Stone Soup version 0.30.1-3-gfc49f6343a (webtiles) character file.

Game seed: 14978520742533905551

118 Zeor the Slasher (level 4, 0/35 HPs)
             Began as a Demonspawn Berserker on Aug 3, 2023.
             Was a Believer of Trog.
             Slain by Ijyb
             ... wielding a +4 dagger of electrocution
              (19 damage)
             ... on level 3 of the Dungeon on Aug 4, 2023.
             The game lasted 00:05:54 (1595 turns).

Zeor the Slasher (Demonspawn Berserker)             Turns: 1595, Time: 00:05:55

Health: 0/35       AC:  2    Str: 25    XL:     4   Next: 72%
Magic:  4/4        EV: 10    Int:  9    God:    Trog [**....]
Gold:   113        SH:  0    Dex: 12    Spells: 3/3 levels left

rFire   . . .        a - +0 falchion
rCold   . . .        (no shield)
rNeg    + . .        i - +0 scale mail
rPois   .            (helmet restricted)
rElec   .            (no cloak)
rCorr   .            (no gloves)
SInv    .            (no boots)
Will    .....        (no amulet) Stlth
                     e - ring of positive energy
HPRegen 0.25/turn    m - +6 ring of strength
MPRegen 0.09/turn

%: no passive effects
@: corroded
A: horns 1
a: Renounce Religion, Berserk, Trog's Hand


You were on level 3 of the Dungeon.
You worshipped Trog.
Trog was pleased with you.
You visited 1 branch of the dungeon, and saw 3 of its levels.

You collected 113 gold pieces.

Inventory:

Hand Weapons
 a - a +0 falchion (weapon)
Missiles
 g - 6 boomerangs (quivered)
 k - 5 datura-tipped darts
 l - 4 javelins
Armour
 i - a +0 scale mail (worn)
 n - a +1 robe of resistance
Jewellery
 e - a ring of positive energy (left hand)
 f - a ring of see invisible
 m - a +6 ring of strength (right hand)
Scrolls
 b - a scroll of fog
Potions
 c - a potion of haste
 d - a potion of flight {unknown}
 h - a potion of brilliance {unknown}
 j - a potion of ambrosia {unknown}


   Skills:
 + Level 3.3 Fighting
 * Level 4.4 Long Blades
 + Level 1.8 Armour
 + Level 2.3 Dodging


You had 3 spell levels left.
You didn't know any spells.
Your spell library was empty.

Dungeon Overview and Level Annotations

Branches:
Dungeon (3/15)

Altars:
Nemelex Xobeh

Shops:
D:1 [

Annotations:
D:3 Ijyb


Innate Abilities, Weirdness & Mutations

You have a pair of small horns on your head.


Message History

The dart slug launches a dart at you.
The slug dart hits you but does no damage.
You slash the dart slug!
You kill the dart slug!
Trog accepts your kill.
You see here a +1 robe of resistance.
You see here a +1 robe of resistance.
n - a +1 robe of resistance You hit the dart slug.
The dart slug is severely wounded.
The dart slug launches a dart at you. The slug dart misses you.
You slash the dart slug!
You kill the dart slug!
Trog accepts your kill.
Done exploring.
A quokka comes into view.
The quokka bites you but does no damage.
You hit the quokka.
The quokka is moderately wounded.
The quokka closely misses you. The quokka barely misses you.
You barely miss the quokka. You headbutt the quokka.
You kill the quokka!
Trog accepts your kill.
(D) Dungeon
Where to? (Enter - D:2 @ (x,y), ? - help)
You see here an adder skeleton.
There is a stone staircase leading up here.
There is a stone staircase leading down here.
You climb downwards.
There is a stone staircase leading up here.
Ijyb the Twisted Goblin comes into view.
She is wielding a +4 dagger of electrocution and carrying a wand of acid (8).
Ijyb shouts!
Ijyb zaps a wand.
The bolt of acid hits you! The acid corrodes you!
You barely miss Ijyb. Ijyb closely misses you.
You hit Ijyb but do no damage. You headbutt Ijyb, but do no damage.
Ijyb hits you with a +4 dagger of electrocution.
You are electrocuted!!
Ouch! That really hurt!
You die...

▒▒▒
∙∙∙
▒∙▒
▒∙▒
▒g▒
▒6▒
▒∙▒
▒∙▒
▒∙▒
▒∙▒
▒∙▒
▒∙▒
▒∙▒
▒∙▒


You could see Ijyb.

Vanquished Creatures
  3 gnolls (D:2)
  4 adders (D:2)
  4 dart slugs
  3 bats
  7 endoplasms
  2 giant cockroaches (D:1)
  4 goblins
  A hobgoblin (D:2)
  5 kobolds
  5 quokkas
  A ball python (D:2)
  2 frilled lizards (D:1)
  5 rats
46 creatures vanquished.

Notes
Turn   | Place    | Note
-------+----------+-------------------------------------------
     0 | D:1      | Zeor the Demonspawn Berserker began the quest for the Orb.
     0 | D:1      | Reached XP level 1. HP: 18/18 MP: 1/1
     5 | D:1      | Found Cefroes's Armour Shop.
    53 | D:1      | Reached skill level 3 in Long Blades
   183 | D:1      | Gained mutation: You have a pair of small horns on your
                  | head. [demonic ancestry]
   183 | D:1      | Reached XP level 2. HP: 24/24 MP: 2/2
   654 | D:1      | Reached XP level 3. HP: 28/29 MP: 3/3
   961 | D:2      | Reached ** piety under Trog
  1080 | D:2      | Reached skill level 4 in Long Blades
  1080 | D:2      | Reached XP level 4. HP: 35/35 MP: 4/4
  1384 | D:2      | Found a sparkling altar of Nemelex Xobeh.
  1590 | D:3      | Noticed Ijyb
  1595 | D:3      | Slain by Ijyb

Illustrated notes

Levels and vault maps discovered:
D:1:      onia_arrival_handbag, layout_loops_cross, serial_shops,
          nicolae_shop_advertising_works [nicolae_subvault_shop_adworks],
          amcnicky_mini_rare_corridor_liquid
D:2:      layout_loops_ring, basic_altar
D:3:      layout_basic, nicolae_dithmenos_through_a_glass_darkly, uniq_ijyb

Skill      XL: |  1  2  3 |
---------------+----------+-----
Long Blades    | 3 4 |  4.4
Dodging        | 2 |  2.3
Fighting       | |  3.3
Armour         | |  1.8

Action                     |  1- 3 |  4- 6 || total
---------------------------+-------+-------++-------
  Melee: Falchion          |    92 |    39 ||   131
         Headbutt          |    14 |     5 ||    19
 Invoke: Berserk           |     1 |       ||     1
    Use: Scroll            |     4 |     3 ||     7
 Armour: Animal skin       |     9 |       ||     9
         Scale mail        |    17 |     9 ||    26
  Dodge: Dodged            |    52 |    18 ||    70
